 Dungeon Crawl Stone Soup version 0.27.0-1-g7a089689b8 (webtiles) character file.

Game seed: 11040754518134493576

32 Spectrina the Ducker (level 3, 0/22 HPs)
             Began as a Deep Elf Monk on Aug 2, 2021.
             Slain by an orc priest (3 damage)
             ... on level 4 of the Dungeon.
             The game lasted 00:05:13 (751 turns).

Spectrina the Ducker (Deep Elf Monk)                 Turns: 751, Time: 00:05:14

Health: 0/22       AC:  4    Str:  8    XL:     3   Next: 10%
Magic:  6/6        EV: 13    Int: 15    God:
Gold:   50         SH:  0    Dex: 17    Spells: 2/2 levels left

rFire    . . .     SeeInvis .   a - +0 short sword
rCold    . . .     Faith    .   (no shield)
rNeg     . . .     Spirit   .   e - +0 robe
rPois    .         Reflect  .   (no helmet)
rElec    .         Harm     .   c - +0 cloak
rCorr    .         Rampage  .   h - +0 pair of gloves
Will     .....                  (no boots)
Stlth    ++........             (no amulet)
HPRegen  0.07/turn              (no ring)
MPRegen  0.10/turn              (no ring)

@: no status effects
A: no striking features
a: no special abilities


You were on level 4 of the Dungeon.
You visited 2 branches of the dungeon, and saw 5 of its levels.

You collected 50 gold pieces.

Inventory:

Hand Weapons
 a - a +0 short sword (weapon)
 b - a +0 dagger
Missiles
 g - 40 stones (quivered)
 i - 6 javelins
Armour
 c - a +0 cloak (worn)
 e - a +0 robe (worn)
 h - a +0 pair of gloves (worn)
Scrolls
 d - 2 scrolls of identify {unknown}
 f - a scroll of brand weapon {unknown}
 k - a scroll of magic mapping {unknown}


   Skills:
 - Level 2.4 Fighting
 - Level 3.0 Short Blades
 - Level 3.6 Dodging
 + Level 3.2 Stealth
 * Level 2.5 Invocations


You had 2 spell levels left.
You didn't know any spells.
Your spell library was empty.

Dungeon Overview and Level Annotations

Branches:
Dungeon (4/15)             Temple (1/1) D:4

Altars:
Ashenzari
Cheibriados
Dithmenos
Fedhas
Gozag
Hepliaklqana
Makhleb
Qazlal
Sif Muna
Trog
Uskayaw
Vehumet
Wu Jian
Zin
The Shining One

Shops:
D:1 !


Message History

You kill the endoplasm!
Found six altars.
Found a stormy altar of Qazlal.
There is a radiant altar of Vehumet here.
Found an opulent altar of Gozag.
Found a bloodstained altar of Trog.
Found two altars.
Found a shadowy altar of Dithmenos.
There is a glowing golden altar of the Shining One here.
There is a staircase back to the Dungeon here.
You climb upwards.
Welcome back to the Dungeon!
The giant cockroach misses you. The orc hits you with a +0 hand axe.
The giant cockroach completely misses you.
The orc closely misses you.
The orc priest miscasts a cantrip.
There is a staircase to the Ecumenical Temple here.
Unknown command.
The giant cockroach completely misses you.
The orc hits you with a +0 hand axe.
* * * LOW HITPOINT WARNING * * *
The giant cockroach barely misses you. The giant cockroach closely misses you.
The giant cockroach misses you. The giant cockroach closely misses you.
You closely miss the giant cockroach. The giant cockroach misses you.
You hit the giant cockroach but do no damage.
The giant cockroach misses you.
You hit the giant cockroach.
The giant cockroach is heavily wounded.
The giant cockroach closely misses you.
You hit the giant cockroach.
The giant cockroach is severely wounded.
The giant cockroach barely misses you.
The giant cockroach bites you but does no damage.
You hit the giant cockroach.
You kill the giant cockroach!
You barely miss the orc priest. The orc priest hits you with a +0 club.
* * * LOW HITPOINT WARNING * * *
You closely miss the orc priest. The orc priest hits you with a +0 club.
You die...

###########
.......@oK#
.....####o#
### #.# #.#
#K# #.#####
#oo...##
#..##..####
#.........#


You could see an orc priest, an orc and a kobold.

Vanquished Creatures
  A dart slug (D:3)
  2 orcs (D:4)
  3 bats
  3 endoplasms
  2 giant cockroaches
  5 hobgoblins
  2 quokkas (D:1)
  3 ball pythons (D:1)
  A frilled lizard (D:1)
  A goblin (D:1)
  2 rats (D:1)
25 creatures vanquished.

Vanquished Creatures (others)
  5 plants (D:1)
5 creatures vanquished.

Grand Total: 30 creatures vanquished

Notes
Turn   | Place    | Note
-------+----------+-------------------------------------------
     0 | D:1      | Spectrina the Deep Elf Monk began the quest for the Orb.
     0 | D:1      | Reached XP level 1. HP: 13/13 MP: 3/3
    51 | D:1      | Reached skill level 1 in Invocations
   121 | D:1      | Found Puocuj's Distillery.
   134 | D:1      | Reached XP level 2. HP: 3/18 MP: 3/5
   486 | D:4      | Found a glowing silver altar of Zin.
   634 | D:4      | Reached XP level 3. HP: 19/22 MP: 6/6
   665 | D:4      | Found a staircase to the Ecumenical Temple.
   671 | Temple   | Entered the Ecumenical Temple
   751 | D:4      | Slain by an orc priest

Illustrated notes

Levels and vault maps discovered:
D:1:      minmay_arrival_solitary_statue, layout_loops_ring, serial_shops,
          nicolae_shop_waterfront, serial_bayou_lagoon_a
D:2:      cheibrodos_pilgrimage, layout_loops_ring, minivault_24,
          chequers_serial_rivers_small_3
D:3:      layout_basic
D:4:      layout_loops_ring, kennysheep_mini_moat, minmay_temple_entry_waves,
          kennysheep_nub
Temple:   nicolae_temple_great_sept

Skill      XL: |  1  2 |
---------------+-------+-----
Invocations    | 1 2 |  2.5
Stealth        | 3 |  3.2
Fighting       | |  2.4
Short Blades   | |  3.0
Dodging        | |  3.6

Action                   || total
-------------------------++-------
Melee: Short sword       ||   113
       Dagger            ||     1
  Use: Potion            ||     2
 Stab: Sleeping          ||     5
Armor: Robe              ||    22
Dodge: Dodged            ||    78
